 Dungeon Crawl Stone Soup version 0.29-a0-584-gb10a8bf730 (webtiles) character file.

Game seed: 11386890119153808168

578 Nedwor the Slasher (level 7, 61/61 HPs)
             Began as a Minotaur Fighter on June 15, 2022.
             Quit the game in the Ecumenical Temple.
             The game lasted 00:04:03 (3777 turns).

Nedwor the Slasher (Minotaur Fighter)               Turns: 3777, Time: 00:04:03

Health: 61/61      AC:  9    Str: 21    XL:     7   Next: 13%
Magic:  6/6        EV: 10    Int:  5    God:
Gold:   163        SH:  5    Dex: 11    Spells: 6/6 levels left

rFire   . . .      SeeInvis .   a - +0 long sword
rCold   . . .      Faith    .   c - +0 buckler
rNeg    . . .      Spirit   .   b - +0 scale mail
rPois   +          Reflect  .   (helmet restricted)
rElec   .          Harm     .   (no cloak)
rCorr   .          Rampage  .   (no gloves)
Will    .....                   j - +1 pair of boots
Stlth   ..........              n - amulet of regeneration
HPRegen 1.00/turn               k - ring of poison resistance
MPRegen 0.10/turn               (no ring)

@: no status effects
A: horns 2, retaliatory headbutt
a: no special abilities


You were in the Ecumenical Temple.
You visited 2 branches of the dungeon, and saw 5 of its levels.

You collected 163 gold pieces.

Inventory:

Hand Weapons
 a - a +0 long sword (weapon)
Armour
 b - a +0 scale mail (worn)
 c - a +0 buckler (worn)
 j - a +1 pair of boots (worn)
Jewellery
 k - a ring of poison resistance (left hand)
 n - an amulet of regeneration (around neck)
Scrolls
 e - a scroll of acquirement {unknown}
 f - a scroll of teleportation {unknown}
 g - a scroll of magic mapping {unknown}
 h - a scroll of enchant weapon {unknown}
 m - 5 scrolls of identify {unknown}
 p - 2 scrolls of torment {unknown}
 q - a scroll of amnesia {unknown}
Potions
 d - a potion of might
 i - 2 potions of curing {unknown}
 l - 3 potions of haste {unknown}
 o - 2 potions of berserk rage {unknown}


   Skills:
 + Level 5.1 Fighting
 * Level 5.9 Long Blades
 + Level 5.1 Armour
 + Level 3.0 Dodging
 + Level 5.1 Shields


You had 6 spell levels left.
You didn't know any spells.
Your spell library was empty.

Dungeon Overview and Level Annotations

Branches:
Dungeon (4/15)             Temple (1/1) D:4

Altars:
Dithmenos
Elyvilon
Gozag
Hepliaklqana
Kikubaaqudgha
Nemelex Xobeh
Okawaru
Trog
Vehumet
Wu Jian
Xom
Yredelemnul
Zin
The Shining One


Innate Abilities, Weirdness & Mutations

You have a pair of horns on your head.
You reflexively headbutt those who attack you in melee.


Message History

The phantom is severely damaged.
The phantom completely misses you.
You hit the phantom. Your headbutt misses the phantom.
The phantom is almost destroyed.
The phantom hits you but does no damage.
You hit the phantom.
The phantom is almost destroyed.
The phantom closely misses you.
You barely miss the phantom. You headbutt the phantom.
You destroy the phantom!
Your Dodging skill increases to level 3!
You have reached level 7!
What are your orders? t - Shout!
Orders for allies: a - Attack new target. r - Retreat! s - Stop attacking. g - Guard the area. f - Follow me.
Anything else - Cancel.
Okay, then.
(D) Dungeon (T) Temple
Where to? (Enter - Temple, ? - help)
There is a staircase to the Ecumenical Temple here.
You climb downwards.
Welcome to the Ecumenical Temple!
There is a staircase back to the Dungeon here.
There is a fountain of sparkling water here.
Found a basalt altar of Yredelemnul and a white marble altar of Elyvilon.
Found six altars.
Found three altars.
There is a white marble altar of Elyvilon here.
There is a shimmering altar of Xom here.
There is a bloodstained altar of Trog here.
There is a bloodstained altar of Trog here.
There is a shimmering altar of Xom here.
Found a radiant altar of Vehumet.
There is an ancient bone altar of Kikubaaqudgha here.
There is a sparkling altar of Nemelex Xobeh here.
Partly explored, can't reach some places.
Partly explored, can't reach some places.
Search for what [Enter for "altar", or ? for help]? weapon Are you sure you want to abandon this character and quit the game? (Confirm with "yes".)

≈≈≈≈≈≈≈≈≈≈≈.≈≈###≈≈.≈≈≈≈
≈≈≈≈≈≈≈≈≈≈≈.≈≈###≈≈.≈≈≈≈
≈≈≈≈≈≈≈≈≈≈≈≈≈..≈#≈..≈≈≈≈≈
≈≈≈≈≈≈≈≈≈≈≈≈≈≈≈.≈.≈≈≈≈≈≈≈
≈≈≈≈≈≈≈≈≈≈≈≈≈≈≈...≈≈≈≈≈≈≈
≈≈≈≈≈≈≈≈≈≈≈≈≈≈≈≈.≈≈≈≈≈≈≈≈
≈≈≈≈≈≈≈≈≈≈≈≈≈≈≈...≈≈≈≈≈≈≈
≈≈≈≈≈≈≈≈≈≈≈≈≈≈.....≈≈≈≈≈≈
≈≈≈≈≈≈≈≈@................
≈≈≈≈≈≈≈..._....._....._..
≈≈≈≈≈≈≈._..._._..._._..._
≈≈≈≈≈≈≈..._....._....._..
≈≈≈≈≈≈≈≈.................
≈≈≈≈≈≈≈≈≈≈≈≈≈≈≈≈≈≈≈≈≈≈≈≈≈
≈≈≈≈≈≈≈≈≈≈≈≈≈≈≈≈≈≈≈≈≈≈≈≈≈
≈≈≈≈≈≈≈≈≈≈≈≈≈≈≈≈≈≈≈≈≈≈≈≈≈
≈≈≈≈≈≈≈≈≈≈≈≈≈≈≈≈≈≈≈≈≈≈≈≈≈


There were no monsters in sight!

Vanquished Creatures
  3 phantoms (D:4)
  A bullfrog (D:4)
  A necrophage (D:4)
  A jelly (D:4)
  An iguana (D:4)
  An orc wizard (D:3)
  5 adders
  A gnoll (D:1)
  4 worms
  2 dart slugs
  5 orcs
  6 endoplasms
  4 giant cockroaches
  8 goblins
  6 hobgoblins
  9 kobolds
  4 quokkas
  9 ball pythons
  6 bats
  5 frilled lizards
  2 rats
84 creatures vanquished.

Notes
Turn   | Place    | Note
-------+----------+-------------------------------------------
     0 | D:1      | Nedwor the Minotaur Fighter began the quest for the Orb.
     0 | D:1      | Reached XP level 1. HP: 19/19 MP: 0/0
   373 | D:1      | Reached XP level 2. HP: 22/27 MP: 1/1
   901 | D:1      | Reached skill level 1 in Dodging
   901 | D:1      | Reached XP level 3. HP: 33/33 MP: 2/2
  1759 | D:2      | Reached XP level 4. HP: 40/40 MP: 3/3
  2731 | D:3      | Found a shadowy altar of Dithmenos.
  2740 | D:3      | Found a glowing silver altar of Zin.
  2955 | D:3      | Found a faded altar of an unknown god.
  3044 | D:3      | Reached XP level 5. HP: 46/47 MP: 4/4
  3147 | D:4      | Noticed a phantom
  3154 | D:4      | Killed a phantom
  3155 | D:4      | Reached XP level 6. HP: 49/53 MP: 5/5
  3213 | D:4      | Reached skill level 5 in Long Blades
  3377 | D:4      | Reached skill level 5 in Fighting
  3377 | D:4      | Reached skill level 5 in Armour
  3377 | D:4      | Reached skill level 5 in Shields
  3472 | D:4      | Found a staircase to the Ecumenical Temple.
  3559 | D:4      | Reached XP level 7. HP: 61/61 MP: 6/6
  3597 | Temple   | Entered the Ecumenical Temple
  3777 | Temple   | Quit the game

Illustrated notes

Levels and vault maps discovered:
D:1:      heliophobic_arrival_ceremonial_halls, layout_basic
D:2:      layout_rooms, minmay_heptomino_o4
D:3:      layout_basic, mainiacjoe_overflow_big_doors,
          dilly_ecumenical_altar_fadedgnrine
D:4:      minmay_skewed_foursquare, layout_rooms, minmay_temple_entry_tees
Temple:   minmay_temple_bridge_abc

Skill      XL: |  1  2  3  4  5  6 |
---------------+-------------------+-----
Long Blades    | 3 4 5 |  5.9
Dodging        | 1 2 3 |  3.0
Fighting       | 4 5 |  5.1
Shields        | 4 5 |  5.1
Armour         | 4 5 |  5.1

Action                   |  1- 3 |  4- 6 |  7- 9 || total
-------------------------+-------+-------+-------++-------
Melee: Long sword        |    88 |   172 |       ||   260
       Headbutt          |     8 |    30 |       ||    38
Armor: Scale mail        |    52 |    73 |       ||   125
Dodge: Dodged            |    41 |    74 |       ||   115
Block: Buckler           |    20 |    47 |       ||    67

Table legend: (Time is in decaauts)
 A = Elapsed time spent in this place.
 B = Non-inter-level travel time spent in this place.
 C = Inter-level travel time spent in this place.
 D = Time resting spent in this place.
 E = Time spent auto-exploring this place.
 F = Levels seen in this place.
 G = Mean time per level.
                   A        B        C        D        E       F      G
               +--------+--------+--------+--------+--------+-----+--------+
         Total |   3838 |   3719 |    119 |      0 |   3085 |   5 |  767.6 |
       Dungeon |   3658 |   3540 |    118 |      0 |   2910 |   4 |  914.5 |
        Temple |    179 |    179 |      0 |      0 |    175 |   1 |  179.0 |
               +--------+--------+--------+--------+--------+-----+--------+

Top non-repeatable levels by time:
     D:1: 1217 daAuts
     D:2: 1007 daAuts
     D:3: 859 daAuts
     D:4: 574 daAuts
  Temple: 179 daAuts
